 Dungeon Sprint DCSS version 0.27-a0-1217-g8a41f320e8 (webtiles) character file.

Game seed: 15149280134474573335

347 mhtbhm the Cleaver (level 6, -2/67 HPs)
             Began as a Minotaur Berserker on June 5, 2021.
             Was an Elder of Trog.
             Slain by a wandering mushroom (15 damage)
             ... in the Dungeon (Sprint IV: "Fedhas' Mad Dash").
             The game lasted 00:01:11 (557 turns).

mhtbhm the Cleaver (Minotaur Berserker)              Turns: 557, Time: 00:01:11

Health: -2/67      AC:  2    Str: 24    XL:     6   Next: 32%
Magic:  4/5        EV: 13    Int:  4    God:    Trog [****..]
Gold:   88         SH:  0    Dex:  9    Spells: 5/5 levels left

rFire    . . .     SeeInvis .   a - +0 war axe
rCold    . . .     Faith    .   (no shield)
rNeg     . . .     Spirit   .   b - +0 animal skin
rPois    .         Reflect  .   (helmet restricted)
rElec    .         Harm     .   (no cloak)
rCorr    .         Rampage  .   (no gloves)
Will     .....     NoTele   +   (no boots)
Stlth    +.........             i - amulet of invisibility {+Inv}
HPRegen  0.21/turn              (no ring)
MPRegen  0.09/turn              (no ring)

@: on berserk cooldown, very slightly contaminated, slowed, invisible
(expiring), very slow
A: horns 2, retaliatory headbutt
a: Renounce Religion, Evoke Invisibility, Berserk, Trog's Hand, Brothers in Arms


You were in the Dungeon.
You worshipped Trog.
Trog was greatly pleased with you.
You visited 1 branch You collected 88 gold pieces.

Inventory:

Hand Weapons
 a - a +0 war axe (weapon)
Armour
 b - a +0 animal skin (worn)
Jewellery
 i - the amulet of invisibility (around neck) {+Inv}
   (You found it in the Dungeon)

   [amulet of nothing]

   It lets you turn invisible.
Scrolls
 h - a scroll of blinking
 j - a scroll of identify {unknown}
Potions
 d - a potion of heal wounds
 e - a potion of haste
 f - 2 potions of magic
 g - a potion of berserk rage


   Skills:
 + Level 10.4 Fighting
 + Level 10.7 Axes
 + Level 5.5 Armour
 + Level 5.4 Dodging
 + Level 0.1 Stealth
 + Level 1.5 Evocations


You had 5 spell levels left.
You didn't know any spells.
Your spell library was empty.

Dungeon Overview and Level Annotations

Branches:
Dungeon (1/1)

Altars:
Cheibriados
Dithmenos
Elyvilon
Gozag
Hepliaklqana
Kikubaaqudgha
Makhleb
Nemelex Xobeh
Okawaru
Qazlal
Ru
Sif Muna
Trog
Uskayaw
Vehumet
Wu Jian
Xom
Yredelemnul
Zin
The Shining One
Beogh
Jiyva
Lugonu

Shops:
D *(


Innate Abilities, Weirdness & Mutations

You have a pair of horns on your head.
You reflexively headbutt those who attack you in melee.


Message History

Unknown command.
Unknown command.
You feel sick.
There is an open door here.
Unknown command.
Unknown command.
You slash the scorpion! You headbutt the scorpion.
You feel the power of Trog in you as your rage grows.
You kill the scorpion!
Trog accepts your kill.
You can now call in reinforcements.
You feel sick.
Your Fighting skill increases to level 10!
Unknown command.
You feel sick.
You slash the wandering mushroom!
The wandering mushroom is moderately damaged.
You feel sick. The burning bush throws fire at you.
The puff of flame misses you.
The wandering mushroom barely misses you.
Unknown command.
You feel sick.
The wandering mushroom barely misses you.
The wandering mushroom releases spores at you!
* * * LOW HITPOINT WARNING * * *
You are engulfed in a cloud of spores!
You are more confused.
You see here a potion of haste.
You feel a strong urge to attack something.
You flicker for a moment.
You're too confused to move!
You are no longer berserk.
You are exhausted.
You feel yourself slow down.
You feel sick. The burning bush throws fire at you. The puff of flame hits you!
* * * LOW HITPOINT WARNING * * *
You feel better.
The wandering mushroom releases spores at you!
You die...

###################
_._.⌠.#..)...#....#
._._..'.)#...#.f@P+
_._...#..###'##.!$#
._._..#..##∩∩.'..f#
_._.⌠.#############
#######


You could see 2 wandering mushrooms and a burning bush.

Vanquished Creatures
  3 scorpions (D)
  3 oklob saplings (D)
  2 spriggans (D)
  A river rat (D)
  A rat (D)
10 creatures vanquished.

Vanquished Creatures (others)
  2 fungi (D)
2 creatures vanquished.

Grand Total: 12 creatures vanquished

Notes
Turn   | Place    | Note
-------+----------+-------------------------------------------
     0 | D        | mhtbhm the Minotaur Berserker began the quest for the Orb.
     0 | D        | Reached XP level 1. HP: 19/19 MP: 0/0
     8 | D        | Reached XP level 2. HP: 28/28 MP: 1/1
    56 | D        | Noticed an oklob sapling
    58 | D        | Killed an oklob sapling
    58 | D        | Reached ** piety under Trog
    59 | D        | Reached skill level 5 in Fighting
    59 | D        | Reached XP level 3. HP: 37/37 MP: 2/2
   202 | D        | Noticed a scorpion
   203 | D        | Found the amulet of invisibility {+Inv}
   205 | D        | Killed a scorpion
   206 | D        | Reached XP level 4. HP: 47/47 MP: 3/3
   265 | D        | Found an opulent altar of Gozag.
   265 | D        | Found a hazy altar of Hepliaklqana.
   265 | D        | Found a burning altar of Makhleb.
   265 | D        | Found a sparkling altar of Nemelex Xobeh.
   265 | D        | Found a snail-covered altar of Cheibriados.
   265 | D        | Found a sacrificial altar of Ru.
   265 | D        | Found a shimmering blue altar of Sif Muna.
   265 | D        | Found a shimmering altar of Xom.
   265 | D        | Found a basalt altar of Yredelemnul.
   266 | D        | Found a viscous altar of Jiyva.
   266 | D        | Found a bloodstained altar of Trog.
   266 | D        | Found an ornate altar of the Wu Jian Council.
   267 | D        | Found an iron altar of Okawaru.
   267 | D        | Found a shadowy altar of Dithmenos.
   267 | D        | Found a glowing silver altar of Zin.
   268 | D        | Found an ancient bone altar of Kikubaaqudgha.
   268 | D        | Found a hide-covered altar of Uskayaw.
   269 | D        | Found a stormy altar of Qazlal.
   269 | D        | Found a white marble altar of Elyvilon.
   269 | D        | Found a glowing golden altar of the Shining One.
   270 | D        | Found a corrupted altar of Lugonu.
   270 | D        | Found a radiant altar of Vehumet.
   278 | D        | Reached XP level 5. HP: 56/56 MP: 2/4
   373 | D        | Reached *** piety under Trog
   375 | D        | Reached skill level 5 in Armour
   375 | D        | Reached skill level 1 in Evocations
   376 | D        | Reached skill level 10 in Axes
   376 | D        | Reached skill level 5 in Dodging
   376 | D        | Reached XP level 6. HP: 66/66 MP: 5/5
   434 | D        | Found Angoc's Weapon Shop.
   434 | D        | Found Agituo's General Store.
   545 | D        | Noticed a burning bush
   545 | D        | Noticed a wandering mushroom
   546 | D        | Noticed a wandering mushroom
   551 | D        | Reached **** piety under Trog
   552 | D        | Reached skill level 10 in Fighting
   557 | D        | Slain by a wandering mushroom

Illustrated notes

Levels and vault maps discovered:
D:        dungeon_sprint_fedhas [sprint_temple]

Skill      XL: |  1  2  3  4  5  6 |
---------------+-------------------+-----
Fighting       | 4 5 7 8 9 10 | 10.4
Axes           | 4 6 7 8 10 | 10.7
Armour         | 3 4 5 |  5.5
Dodging        | 3 4 5 |  5.4
Evocations     | 1 |  1.5
Stealth        | |  0.1

Action                   |  1- 3 |  4- 6 || total
-------------------------+-------+-------++-------
Melee: Hand axe          |     8 |       ||     8
       Headbutt          |     2 |     4 ||     6
       War axe           |       |    13 ||    13
Invok: Berserk           |     3 |     4 ||     7
 Abil: Evoke Invisibilit |       |     2 ||     2
  Use: Potion            |       |     1 ||     1
Armor: Animal skin       |     1 |       ||     1
Dodge: Dodged            |     2 |     5 ||     7

Table legend: (Time is in decaauts)
 A = Elapsed time spent in this place.
 B = Non-inter-level travel time spent in this place.
 C = Inter-level travel time spent in this place.
 D = Time resting spent in this place.
 E = Time spent auto-exploring this place.
 F = Levels seen in this place.
 G = Mean time per level.
                   A        B        C        D        E       F      G
               +--------+--------+--------+--------+--------+-----+--------+
         Total |    611 |    611 |      0 |    472 |      3 |   1 |  611.0 |
       Dungeon |    611 |    611 |      0 |    472 |      3 |   1 |  611.0 |
               +--------+--------+--------+--------+--------+-----+--------+

Top non-repeatable levels by time:
       D: 611 daAuts
